 Dungeon Crawl Stone Soup version 0.31-a0-1522-g43313d8a59 (webtiles) character file.

Game seed: 8440369386725750105

26 Flugkiller the Apothecary (level 3, -11/21 HPs)
             Began as an Octopode Alchemist on Dec 30, 2023.
             Mangled by a black bear (12 damage)
             ... on level 3 of the Dungeon.
             The game lasted 00:01:27 (401 turns).

Flugkiller the Apothecary (Octopode Alchemist)       Turns: 401, Time: 00:01:28

Health: -11/21     AC:  1    Str:  7    XL:     3   Next: 8%
Magic:  1/7        EV: 13    Int: 17    God:
Gold:   56         SH:  0    Dex: 14    Spells: 6/7 levels left

rFire   . . .        (no weapon)
rCold   . . .        (no shield)
rNeg    . . .        (helmet restricted)
rPois   .            (no amulet)
rElec   .            (no ring)
rCorr   .            (no ring)
SInv    .            (no ring)
Will    .....        (no ring)
Stlth   +++          (no ring)
HPRegen 0.23/turn    (no ring)
MPRegen 0.10/turn    (no ring)
                     (no ring)

%: no passive effects
@: no status effects
A: almost no armour, amphibious, 8 rings, camouflage 1, gelatinous body 1,
(nimble swimmer 1), tentacles
a: no special abilities


You were on level 3 of the Dungeon.
You visited 1 branch of the dungeon, and saw 3 of its levels.

You collected 56 gold pieces.

Inventory:

Scrolls
 c - a scroll of noise {unknown}
 d - a scroll of amnesia {unknown}
 z - a scroll of blinking
Potions
 a - a potion of magic


   Skills:
 - Level 2.0 Dodging
 - Level 2.6 Stealth
 + Level 2.6 Spellcasting
 - Level 1.0 Conjurations
 + Level 4.0 Alchemy


You had 6 spell levels left.
You knew the following spells:

 Your Spells              Type           Power      Damage    Failure   Level
a - Sting                 Conj/Alch      40%        1d5       6%          1

Your spell library contained the following spells:

 Spells                   Type           Power      Damage    Failure   Level
 Mercury Vapours          Alch/Air       18%        N/A       12%         2
 Mephitic Cloud           Conj/Alch/Air  7%         N/A       26%         3
 Olgreb's Toxic Radiance  Alch           15%        N/A       34%         4
 Sticky Flame             Fire/Alch      9%         2d5       61%         4


Dungeon Overview and Level Annotations

Branches:
Dungeon (3/15) Zot: 17598

Altars:


Innate Abilities, Weirdness & Mutations

You cannot wear most types of armour.
You are amphibious.
You can wear up to eight rings at the same time.
Your skin changes colour to match your surroundings (Stealth+).
Your rubbery body absorbs attacks. (AC +1, EV +1)
((You are camouflaged when in or above water. (Stealth+)))
You have tentacles for arms and can constrict up to eight enemies at once.


Message History

a +0 short sword; 7 poisoned darts An adder comes into view.
Found 6 gold pieces.
Casting: Sting (safe; 7% risk of failure)
Confirm with . or Enter, or press ? or * to list all spells.
Aiming: Sting (safe; 7% risk of failure)
Press: ? - help, Shift-Dir - straight line, f - adder
Aim: an adder (asleep, 100% to hit)
The sting hits the adder but does no damage.
The adder is poisoned.
The adder hisses angrily.
Casting: Sting (safe; 7% risk of failure)
Confirm with . or Enter, or press ? or * to list all spells.
Aiming: Sting (safe; 7% risk of failure)
Press: ? - help, Shift-Dir - straight line, f/p - adder
Aim: an adder (lightly wounded, poisoned, 53% to hit)
The sting hits the adder.
The adder looks even sicker.
The adder is moderately wounded.
You closely miss the adder. You grab the adder.
The adder is heavily wounded.
You constrict the adder, but do no damage.
The adder closely misses you.
You tentacle-slap the adder but do no damage.
The adder is severely wounded.
You constrict the adder.
You kill the adder!
Your Alchemy skill increases to level 4!
You have reached level 3!
Your experience leads to an increase in your attributes!
Increase (S)trength, (I)ntelligence, or (D)exterity?
You feel agile. x2
You now have 56 gold pieces (gained 6).
Found a scroll labelled NEINUR GILA.
b - 2 scrolls labelled NEINUR GILA (gained 1) HP restored.
You open the door.
A black bear comes into view.
Okay, then.
Blink to where?
Press: ? - help, Dir - move target, f - you
Okay, then.
As you read the scroll labelled NEINUR GILA, it crumbles to dust.
It was a scroll of blinking.
z - a scroll of blinking Unknown command.
Casting: Sting (safe; 6% risk of failure)
Confirm with . or Enter, or press ? or * to list all spells.
Aiming: Sting (safe; 6% risk of failure)
Press: ? - help, Shift-Dir - straight line, f - black bear
Aim: a black bear (79% to hit)
The sting hits the black bear.
The black bear is poisoned.
The black bear is lightly wounded.
Casting: Sting (safe; 6% risk of failure)
Confirm with . or Enter, or press ? or * to list all spells.
Aiming: Sting (safe; 6% risk of failure)
Press: ? - help, Shift-Dir - straight line, f/p - black bear
Aim: a black bear (lightly wounded, poisoned, 79% to hit)
The sting hits the black bear.
The black bear looks even sicker.
The black bear is lightly wounded.
Casting: Sting (safe; 6% risk of failure)
Confirm with . or Enter, or press ? or * to list all spells.
Aiming: Sting (safe; 6% risk of failure)
Press: ? - help, Shift-Dir - straight line, f/p - black bear
Aim: a black bear (lightly wounded, very poisoned, 79% to hit)
The sting misses the black bear.
The black bear attacks as it pursues you!
The black bear closely misses you. The black bear barely misses you. x2
Casting: Sting (safe; 6% risk of failure)
Confirm with . or Enter, or press ? or * to list all spells.
Aiming: Sting (safe; 6% risk of failure)
Press: ? - help, Shift-Dir - straight line, f/p - black bear
Aim: a black bear (moderately wounded, poisoned, 79% to hit)
The sting hits the black bear.
The black bear looks even sicker.
The black bear is heavily wounded.
Casting: Sting (safe; 6% risk of failure)
Confirm with . or Enter, or press ? or * to list all spells.
Aiming: Sting (safe; 6% risk of failure)
Press: ? - help, Shift-Dir - straight line, f/p - black bear
Aim: a black bear (heavily wounded, very poisoned, 79% to hit)
The sting hits the black bear.
The black bear looks even sicker.
The black bear is heavily wounded.
The black bear closely misses you. The black bear claws you.
The black bear barely misses you.
Casting: Sting (safe; 6% risk of failure)
Confirm with . or Enter, or press ? or * to list all spells.
Aiming: Sting (safe; 6% risk of failure)
Press: ? - help, Shift-Dir - straight line, f/p - black bear
Aim: a black bear (severely wounded, very poisoned, 79% to hit)
The sting misses the black bear.
The black bear goes berserk!
You tentacle-slap the black bear. Your grab misses the black bear.
The black bear is almost dead.
The black bear barely misses you. The black bear claws you. x2
The black bear completely misses you. The black bear closely misses you.
The black bear claws you.
* * * LOW HITPOINT WARNING * * *
Unknown command.
The black bear attacks as it pursues you!
The black bear bites you!
Ouch! That really hurt!
You die...

........## #...## #..#..##
.....#...# #....##.#.# #....
#.#.# ##..# ..#.# #..##..#h#
####...#@# ##..##.# #..#
#.####### ##
#..###.......########## .. .#
#...'.................
.####...####...#.......##########
.+..#..##..##†.#.......#
.##.#..##..##.)........#
)##.#.##....##..########


You could see a black bear (berserk, very poisoned).

Vanquished Creatures
  An adder (D:3)
  4 orcs (D:3)
  2 bats (D:3)
  2 goblins
  A hobgoblin (D:3)
  A quokka (D:3)
  A ball python (D:1)
  A kobold (D:3)
13 creatures vanquished.

Notes
Turn   | Place    | Note
-------+----------+-------------------------------------------
     0 | D:1      | Flugkiller the Octopode Alchemist began the quest for the
                  | Orb.
     0 | D:1      | Reached XP level 1. HP: 11/11 MP: 3/3
   252 | D:3      | Reached XP level 2. HP: 17/17 MP: 0/5
   343 | D:3      | Reached skill level 4 in Alchemy
   343 | D:3      | Reached XP level 3. HP: 15/21 MP: 1/7
   384 | D:3      | Noticed a black bear
   400 | D:3      | HP: 1/21 [black bear (6)]
   401 | D:3      | Mangled by a black bear

Illustrated notes

Levels and vault maps discovered:
D:1:      dpeg_arrival_signposts, layout_basic, nicolae_twisty_statue_hallways
D:2:      layout_loops_ring, serial_shops, shop_statue, basic_altar
D:3:      minmay_angry_zag, layout_basic, minmay_misc_feat_x,
          nicolae_shop_vocational

Skill      XL: |  1  2 |
---------------+-------+-----
Alchemy        | 4 |  4.0
Dodging        | |  2.0
Stealth        | |  2.6
Spellcasting   | |  2.6
Conjurations   | |  1.0

Action                     || total
---------------------------++-------
  Melee: Unarmed           ||    19
         Constrict         ||     7
         Tentacles         ||     3
   Cast: Sting             ||    20
    Use: Scroll            ||     1
 Armour: Skin              ||    11
  Dodge: Dodged            ||    32

Table legend: (Time is in decaauts)
 A = Elapsed time spent in this place.
 B = Non-inter-level travel time spent in this place.
 C = Inter-level travel time spent in this place.
 D = Time resting spent in this place.
 E = Time spent auto-exploring this place.
 F = Levels seen in this place.
 G = Mean time per level.
                   A        B        C        D        E       F      G
               +--------+--------+--------+--------+--------+-----+--------+
         Total |    400 |    391 |      9 |      0 |     34 |   3 |  133.3 |
       Dungeon |    400 |    391 |      9 |      0 |     34 |   3 |  133.3 |
               +--------+--------+--------+--------+--------+-----+--------+

Top non-repeatable levels by time:
     D:1: 202 daAuts
     D:3: 172 daAuts
     D:2: 25 daAuts
